Map: [EWC] Goldenaura

Players

ByuN

  • Race: Terran Terran
  • Spawn Location: 5:00

Oliveira - Winner!

  • Race: Terran Terran
  • Spawn Location: 12:00

Event: Esports World Cup 2024

VOD

Have the link to the VOD?

Description

Time

  • Played on: Aug. 14, 2024, 6:25 a.m.
  • Length: 23:36

All games in this series

Show
View Real Time Build Order
Export as new Build Order

ByuN Terran 

Build Orders:  

Get SALT Encoding   

  12  0:00  SCV  
  13  0:12  SCV  
  14  0:17  Supply Depot  
  14  0:24  SCV  
  15  0:40  Barracks  
  15  0:42  Refinery  
  16  0:53  Barracks  
  15  0:57  SCV  
  16  1:05  Refinery  
  16  1:11  SCV  
  17  1:24  SCV  
  18  1:27  Reaper  
  19  1:39  Orbital Command  
  19  1:41  Reaper  
  20  1:59  Reaper  
  20  2:01  Supply Depot  
  21  2:05  SCV  
  22  2:13  Reaper  
  23  2:19  Factory  
  23  2:22  SCV  
  24  2:34  SCV  
  25  2:38  Reaper  
  26  2:47  SCV, Reaper  
  28  2:58  Command Center  
  28  3:01  SCV  
  27  3:14  SCV  
  27  3:16  Starport  
  28  3:24  Supply Depot  
  28  3:26  SCV  
  29  3:30  Cyclone  
  29  3:32  Barracks Reactor  
  31  3:46  SCV  
  32  3:54  Medivac  
  34  3:58  SCV  
  34  4:02  Cyclone  
  37  4:10  Orbital Command, SCV  
  37  4:13  Marine x2  
  40  4:21  Barracks Tech Lab  
  40  4:22  SCV, Refinery  
  41  4:24  Liberator  
  44  4:33  Marine  
  44  4:34  SCV, Marine  
  44  4:37  Supply Depot, SCV  
  44  4:38  Factory Tech Lab  
  48  4:40  Marine  
  49  4:45  Stimpack  
  49  4:48  SCV  
  49  4:49  SCV  
  51  4:53  Supply Depot  
  51  5:00  SCV  
  51  5:01  SCV  
  52  5:10  Marine x2  
  52  5:12  SCV  
  52  5:13  SCV  
  53  5:16  Siege Tank  
  53  5:17  Marine  
  53  5:20  Starport Reactor  
  53  5:24  SCV  
  53  5:25  SCV  
  55  5:28  Marine  
  55  5:29  Marine  
  57  5:36  SCV  
  57  5:37  SCV  
  59  5:47  Command Center  
  59  5:48  SCV, Siege Tank  
  59  5:49  SCV, Marine x3  
  67  5:56  Supply Depot  
  67  5:57  Medivac  
  67  6:00  SCV  
  70  6:04  SCV, Medivac  
  70  6:08  Refinery  
  73  6:12  Marine  
  73  6:13  SCV, Marine x2  
  73  6:17  SCV  
  78  6:21  Engineering Bay  
  78  6:22  Engineering Bay  
  78  6:24  Siege Tank  
  78  6:27  Combat Shield  
  78  6:29  SCV  
  78  6:30  Marine  
  78  6:31  SCV  
  81  6:36  Marine x2  
  83  6:46  SCV x2  
  85  6:47  Starport Reactor, Barracks  
  85  6:48  Marine  
  85  6:49  Terran Infantry Weapons Level 1  
  85  6:51  Terran Infantry Armor Level 1  
  86  6:59  Marine x2  
  88  7:01  Supply Depot, SCV  
  88  7:02  SCV  
  88  7:04  Orbital Command  
  90  7:12  Marine  
  90  7:14  SCV x2, Siege Tank  
  96  7:16  Marine  
  97  7:26  SCV x2  
  97  7:27  Marine  
  97  7:29  Marine  
  100  7:31  Medivac x2  
  100  7:34  Marine  
  96  7:38  SCV x2, Marine x2  
  100  7:45  Marine  
  100  7:46  SCV  
  100  7:47  Marine  
  100  7:50  SCV x2  
  102  7:52  Siege Tank, Marine  
  102  7:58  SCV  
  101  8:00  Sensor Tower  
  101  8:02  SCV x2, Barracks x2  
  101  8:03  Missile Turret  
  103  8:05  Marine  
  103  8:06  Marine x3  
  103  8:10  SCV, Marine  
  109  8:17  SCV, Command Center  
  109  8:18  SCV  
  107  8:22  SCV  
  107  8:23  Marine x2  
  109  8:29  Supply Depot  
  109  8:37  Armory  
  109  8:38  Marine x2  
  109  8:39  SCV x3  
  115  8:43  Marine x2  
  116  8:50  Siege Tank, Medivac x2  
  116  8:51  SCV x2, Barracks Reactor  
  116  8:52  Supply Depot  
  116  8:53  Factory  
  116  8:55  Missile Turret  
  125  8:59  SCV, Marine x2  
  125  9:01  Barracks Reactor  
  125  9:02  Barracks Reactor  
  128  9:05  SCV x2  
  128  9:13  Marine  
  128  9:14  Marine  
  117  9:17  Marine x2  
  117  9:22  Siege Tank  
  117  9:23  SCV  
  117  9:24  SCV x2, Terran Infantry Armor Level 2, Terran Infantry Weapons Level 2  
  125  9:29  Marine x2, Refinery  
  125  9:30  Planetary Fortress, Refinery  
  127  9:31  Marine x2  
  127  9:35  Marine x2  
  127  9:36  SCV x2, Siege Tank  
  136  9:40  SCV  
  137  9:47  Marine x6  
  137  9:48  SCV  
  137  9:49  Marine x2  
  146  9:54  Siege Tank  
  146  9:56  Terran Vehicle Weapons Level 1  
  146  9:57  Barracks  
  146  9:59  SCV x2  
  151  10:00  SCV, Barracks  
  151  10:01  Barracks  
  151  10:03  Supply Depot  
  151  10:04  Marine x2  
  151  10:05  Marine  
  155  10:13  Sensor Tower  
  155  10:16  Supply Depot  
  155  10:19  Medivac  
  157  10:24  Marine x7  
  157  10:25  Marine x3  
  167  10:35  Command Center  
  167  10:37  Supply Depot  
  167  10:38  Supply Depot  
  167  10:40  SCV  
  167  10:41  SCV x2  
  170  10:43  Marine x8  
  170  10:44  Marine x2  
  180  10:50  Barracks Reactor x3  
  180  11:03  Siege Tank  
  176  11:06  Siege Tank, Marine  
  176  11:08  Marine  
  176  11:10  Supply Depot, Marine  
  168  11:11  Marine  
  168  11:12  Marine x5  
  168  11:13  Marine  
  175  11:19  Starport  
  175  11:22  Starport  
  175  11:24  Marine  
  173  11:26  Marine  
  173  11:27  Marine x2  
  173  11:28  Marine  
  173  11:29  Marine  
  173  11:31  Marine  
  178  11:33  Marine  
  178  11:35  Siege Tank  
  178  11:36  Marine x2  
  178  11:37  Marine  
  178  11:38  Marine x5  
  178  11:39  Siege Tank  
  191  11:41  Terran Infantry Armor Level 3, Marine, Terran Infantry Weapons Level 3  
  191  11:44  Marine  
  193  11:48  Medivac x2  
  197  11:57  Marine x2  
  195  12:01  Marine x5  
  195  12:08  Siege Tank  
  184  12:09  Marine x2  
  184  12:10  Marine  
  184  12:11  Siege Tank, Marine x2  
  184  12:13  Marine x2  
  184  12:14  Marine  
  181  12:18  Medivac x2  
  181  12:20  Starport Reactor x2  
  185  12:23  Marine x6  
  190  12:33  Marine x7, Medivac x2  
  192  12:41  Command Center  
  192  12:44  Command Center  
  192  12:48  Medivac x2  
  196  12:52  Refinery x2  
  196  12:57  Terran Vehicle Weapons Level 2  
  196  13:05  Starport Reactor x2  
  196  13:11  Siege Tank  
  199  13:15  Siege Tank  
  199  13:18  Marine x3  
  185  13:23  Viking  
  185  13:24  Viking  
  185  13:26  Planetary Fortress  
  189  13:28  Command Center  
  189  13:29  Command Center  
  189  13:33  Missile Turret  
  183  13:43  Siege Tank  
  183  13:44  Viking x2  
  183  13:48  Siege Tank  
  180  13:49  SCV x4  
  180  13:51  Viking  
  185  14:08  SCV x2  
  185  14:09  SCV  
  176  14:15  Siege Tank  
  178  14:19  SCV  
  178  14:20  Siege Tank, SCV  
  178  14:21  SCV  
  184  14:25  Medivac  
  186  14:34  Marine x2  
  186  14:35  Marine x2  
  186  14:36  Marine x9  
  186  14:37  Medivac  
  185  14:43  Marine x3  
  179  14:47  Siege Tank, Medivac  
  179  14:52  Siege Tank, Marine x3  
  181  14:53  Marine x2  
  181  14:54  Marine x6, Medivac x2  
  181  15:00  Marine x2  
  181  15:01  Marine  
  181  15:03  Marine  
  181  15:04  Marine  
  178  15:10  Marine x3  
  178  15:11  Marine  
  178  15:13  Orbital Command  
  178  15:14  Orbital Command  
  182  15:19  Siege Tank  
  178  15:24  Siege Tank, Viking x5  
  178  15:25  Viking  
  193  15:33  Terran Vehicle Weapons Level 3  
  193  15:34  Hi-Sec Auto Tracking  
  193  15:38  Marine x3  
  193  15:39  Marine x2  
  193  15:41  Marine x2  
  197  15:42  Marine  
  197  15:43  Marine x2  
  200  16:05  Siege Tank  
  189  16:13  Viking  
  189  16:14  Marine, Viking  
  189  16:15  Orbital Command, Siege Tank  
  189  16:17  Marine x10  
  192  16:19  Marine  
  192  16:20  Marine  
  192  16:25  Marine x3  
  189  16:29  Liberator x2  
  189  16:32  Marine  
  195  16:34  Marine  
  195  16:35  Marine x4  
  200  16:48  Marine x2  
  200  16:51  Marine  
  200  16:53  Siege Tank x2  
  197  16:54  Marine x2  
  197  16:55  Marine  
  200  17:08  Marine x5  
  167  17:12  Marine  
  167  17:13  Marine x2  
  167  17:15  Liberator, Marine x4  
  175  17:23  Marine x3  
  175  17:24  Liberator  
  175  17:25  Marine  
  180  17:32  Marine  
  180  17:33  Marine x2  
  180  17:34  SCV  
  179  17:50  Marine x2  
  179  17:51  Marine x2  
  135  17:54  Marine x2  
  135  17:55  Marine  
  135  17:58  Marine  
  128  18:04  Marine x3  
  132  18:07  Marine x2  
  134  18:17  Orbital Command  
  134  18:19  Marine x6  
  140  18:27  Siege Tank  
  140  18:33  Siege Tank, Marine  
  140  18:34  Marine x2  
  148  18:35  Marine  
  148  18:38  Marine  
  151  18:43  Marine  
  151  18:44  Marine  
  151  18:45  Marine x2  
  151  18:46  Marine  
  151  18:47  Marine  
  154  18:51  Marine  
  155  18:57  Medivac  
  155  18:58  SCV  
  155  18:59  Siege Tank  
  155  19:02  Marine  
  153  19:18  Siege Tank, Marine x6  
  153  19:19  Marine x4  
  166  19:25  Marine x2  
  166  19:30  Marine x2  
  166  19:31  Siege Tank, Marine x2  
  172  19:36  Marine x3  
  172  19:37  Orbital Command  
  178  19:42  Marine x6  
  178  19:43  Marine x3  
  187  19:52  Viking x2  
  188  19:58  Siege Tank, Marine x4  
  186  20:03  Marine  
  186  20:04  Siege Tank  
  186  20:05  Marine  
  179  20:08  Marine  
  179  20:10  Marine  
  179  20:12  Marine  
  179  20:13  Marine x4  
  162  20:17  Marine  
  162  20:18  Marine  
  144  20:22  Marine  
  144  20:23  Marine  
  144  20:25  Medivac  
  144  20:28  Marine  
  146  20:29  Marine  
  146  20:30  Siege Tank, Marine  
  146  20:33  Marine  
  151  20:36  Siege Tank  
  151  20:37  Marine x4  
  152  20:53  Marine x5  
  152  20:54  Marine x5  
  152  20:56  SCV x3  
  165  20:57  SCV  
  166  21:08  SCV x2  
  168  21:15  Marine x4, Sensor Tower  
  168  21:16  Marine  
  168  21:18  Siege Tank x2, Marine  
  161  21:23  Marine  
  158  21:26  Marine x6  
  158  21:32  Marine x3  
  162  21:33  Medivac  
  162  21:34  Medivac  
  162  21:36  Marine  
  162  21:38  Medivac x2  
  162  21:39  Marine  
  169  21:40  Marine  
  169  21:43  Marine  
  169  21:45  Marine x2  
  173  21:49  Marine  
  173  21:53  Marine x5  
  176  21:55  SCV, Medivac  
  176  21:56  SCV  
  176  22:00  Marine x2  
  182  22:02  Marine  
  182  22:07  Marine  
  145  22:08  Marine x2  
  145  22:09  Marine x2  
  145  22:10  Marine x3  
  145  22:14  Marine x2  
  139  22:18  Marine  
  139  22:22  Marine x5  
  145  22:23  SCV  
  145  22:25  SCV  
  147  22:33  SCV x2  
  147  22:37  Marine x8  
  147  22:39  Marine x3  
  158  22:45  Marine x5  
  151  22:54  Marine  
  151  22:55  Marine x6  
  156  23:01  Viking x2  
  156  23:02  Viking  
  159  23:11  Marine x3  
  167  23:12  SCV  
  167  23:14  SCV  
Show
View Real Time Build Order
Export as new Build Order

Oliveira Terran - Winner!

Build Orders: Gas First Reaper Expand 

Get SALT Encoding   

  12  0:00  SCV  
  13  0:12  SCV  
  14  0:17  Supply Depot  
  14  0:24  SCV  
  15  0:28  Refinery  
  15  0:39  SCV  
  16  0:45  Barracks  
  16  0:51  SCV  
  17  1:03  SCV  
  18  1:16  SCV  
  19  1:32  Orbital Command, Reaper  
  20  1:50  Command Center  
  20  1:57  Factory  
  21  2:01  SCV  
  21  2:10  Supply Depot  
  21  2:11  Marine  
  21  2:14  SCV  
  23  2:23  Refinery  
  23  2:29  SCV  
  23  2:33  Marine  
  23  2:41  Hellion  
  23  2:43  SCV  
  26  2:51  Marine  
  26  2:55  SCV  
  28  3:02  Cyclone  
  29  3:11  Orbital Command  
  27  3:14  SCV  
  28  3:23  Starport  
  28  3:27  Barracks Reactor  
  28  3:28  SCV  
  28  3:29  Orbital Command  
  29  3:35  Cyclone  
  29  3:40  SCV  
  32  3:53  SCV  
  32  3:55  SCV  
  34  4:04  Viking  
  34  4:06  SCV  
  34  4:08  SCV  
  38  4:12  Factory Tech Lab  
  38  4:18  SCV, Command Center  
  38  4:20  SCV  
  38  4:21  Marine x2  
  42  4:25  Supply Depot  
  42  4:32  Siege Tank  
  42  4:33  SCV  
  42  4:38  Starport Tech Lab  
  46  4:40  Refinery  
  46  4:43  Supply Depot  
  46  4:46  Marine  
  46  4:47  SCV, Marine  
  46  4:50  SCV  
  50  4:58  Raven, Interference Matrix  
  52  5:03  SCV  
  49  5:11  SCV  
  48  5:15  Siege Tank, SCV  
  50  5:22  Marine x2  
  50  5:23  SCV  
  50  5:27  SCV  
  54  5:31  Orbital Command  
  54  5:35  SCV  
  55  5:37  Raven  
  55  5:39  SCV  
  58  5:42  Barracks  
  58  5:47  SCV  
  58  5:51  SCV  
  58  5:53  Barracks, Factory Reactor  
  58  5:57  SCV  
  60  5:59  SCV  
  60  6:03  SCV  
  61  6:09  SCV  
  62  6:11  SCV  
  62  6:15  SCV  
  63  6:21  SCV  
  63  6:23  SCV  
  65  6:27  SCV, Engineering Bay  
  65  6:28  Starport Reactor  
  65  6:29  Engineering Bay  
  66  6:33  SCV  
  66  6:36  SCV  
  66  6:37  Barracks  
  66  6:38  Barracks  
  69  6:40  SCV  
  69  6:41  Supply Depot  
  69  6:42  Siege Tank, Refinery  
  72  6:47  Orbital Command  
  72  6:48  SCV  
  72  6:51  Marine x3  
  76  6:55  Marine  
  76  7:00  Supply Depot  
  77  7:02  Marine  
  77  7:03  SCV  
  77  7:04  SCV  
  80  7:09  Marine  
  80  7:10  Marine  
  80  7:11  Supply Depot  
  80  7:13  SCV  
  80  7:15  SCV  
  83  7:16  SCV, Marine  
  83  7:21  Marine  
  83  7:22  Viking  
  88  7:30  Barracks Tech Lab, Engineering Bay  
  88  7:31  Engineering Bay  
  88  7:34  Marine  
  88  7:36  SCV, Factory Tech Lab  
  87  7:37  Barracks Tech Lab, Barracks Reactor  
  87  7:39  SCV  
  86  7:45  SCV  
  86  7:48  SCV, Marine  
  86  7:49  Marine  
  86  7:51  SCV  
  85  7:53  Marine  
  85  7:56  Combat Shield, Marine, Stimpack  
  85  7:57  Siege Tank, SCV  
  85  7:58  Starport Reactor  
  85  8:01  SCV  
  85  8:02  Marine  
  85  8:04  Supply Depot  
  88  8:07  Marine  
  88  8:10  Missile Turret  
  88  8:12  Terran Infantry Weapons Level 1, Terran Infantry Armor Level 1  
  88  8:13  SCV  
  88  8:16  Marine  
  88  8:18  SCV x2  
  88  8:19  Marine  
  92  8:24  Marine x2  
  92  8:25  SCV  
  96  8:27  Missile Turret  
  96  8:29  Siege Tank, Marine  
  96  8:30  SCV x2  
  96  8:33  Supply Depot  
  102  8:34  Marine  
  102  8:36  Marine  
  104  8:43  Sensor Tower  
  104  8:45  Liberator x2  
  104  8:46  Marine x2  
  112  8:48  Marine  
  112  8:53  SCV  
  112  8:54  SCV  
  112  8:55  Supply Depot, SCV  
  116  8:56  Supply Depot, Marine  
  116  8:57  Marine  
  118  9:04  Siege Tank, Armory  
  118  9:06  Marine  
  118  9:12  Marine  
  118  9:14  Marine x2  
  118  9:16  Marine  
  118  9:17  Marine  
  109  9:18  SCV x2  
  109  9:20  SCV, Refinery x2  
  109  9:21  Supply Depot  
  113  9:30  SCV  
  114  9:32  Command Center, Medivac x2  
  114  9:36  Marine  
  114  9:38  Marine, Hellion  
  121  9:43  SCV  
  121  9:45  SCV  
  124  9:46  Supply Depot, SCV, Marine x2  
  124  9:47  Barracks Reactor  
  124  9:48  Marine  
  124  9:50  Marine  
  129  9:55  Terran Vehicle Weapons Level 1  
  129  9:56  Factory  
  129  9:59  SCV x2  
  131  10:01  Siege Tank, Marine  
  131  10:02  Supply Depot  
  131  10:05  Viking x2  
  139  10:07  Terran Infantry Weapons Level 2  
  139  10:13  Terran Infantry Armor Level 2  
  139  10:15  Marine x2  
  139  10:18  Supply Depot, Marine  
  139  10:19  Supply Depot, Marine x2  
  144  10:23  Marine x2  
  144  10:26  SCV x2  
  144  10:27  Marine  
  148  10:34  Marine, Starport  
  149  10:37  Supply Depot, Siege Tank, Viking x2  
  149  10:42  SCV  
  157  10:44  Marine x2  
  157  10:45  Missile Turret  
  157  10:47  Missile Turret  
  159  10:51  Missile Turret  
  159  10:52  Marine  
  159  10:55  Missile Turret  
  160  10:57  Missile Turret  
  160  10:59  Marine  
  160  11:01  Siege Tank  
  157  11:06  Marine  
  157  11:09  Marine  
  157  11:10  Siege Tank  
  150  11:12  Marine  
  150  11:13  Marine x4  
  150  11:16  Starport Reactor  
  155  11:21  Marine  
  156  11:28  Marine  
  156  11:30  Liberator x2  
  163  11:34  Siege Tank, Marine x2  
  163  11:38  Marine  
  163  11:39  Marine  
  164  11:42  SCV x2  
  164  11:44  Siege Tank  
  164  11:45  Planetary Fortress  
  170  11:49  SCV  
  170  11:54  Liberator, Marine x2  
  169  12:10  Marine x3  
  169  12:12  SCV x2  
  163  12:18  SCV, Marine  
  163  12:19  Marine x3  
  171  12:23  Command Center  
  171  12:24  Viking x2  
  171  12:26  Refinery  
  171  12:27  Marine, Refinery  
  171  12:28  Sensor Tower  
  171  12:29  Missile Turret  
  176  12:35  Terran Vehicle Weapons Level 2  
  176  12:37  Fusion Core  
  176  12:43  Terran Infantry Armor Level 3  
  170  12:49  Marine  
  171  12:58  Marine  
  171  13:00  Viking x3  
  171  13:01  Siege Tank  
  171  13:03  Marine x2  
  183  13:14  Marine x2  
  183  13:17  Marine x2  
  183  13:20  Marine  
  183  13:21  Siege Tank  
  183  13:22  Viking  
  183  13:23  Advanced Ballistics  
  183  13:24  Marine  
  189  13:31  Missile Turret x2  
  189  13:32  Marine, Command Center  
  190  13:40  Marine  
  191  13:45  Sensor Tower  
  191  13:46  Siege Tank  
  191  13:47  Missile Turret  
  192  13:49  Marine  
  192  13:50  Missile Turret x2  
  191  14:03  Marine  
  191  14:08  Liberator x2  
  196  14:10  Siege Tank  
  196  14:12  Marine  
  196  14:14  Marine x2  
  195  14:19  Marine  
  196  14:25  Planetary Fortress, Missile Turret, Sensor Tower  
  196  14:28  Siege Tank  
  196  14:31  Marine  
  196  14:36  Marine  
  193  14:39  Marine  
  193  14:42  Siege Tank  
  193  14:43  Marine  
  196  14:46  Marine  
  196  14:48  Marine  
  196  14:52  Marine  
  192  14:54  Marine, Engineering Bay  
  192  14:59  Marine x3  
  177  15:00  Siege Tank  
  177  15:01  Marine x2  
  173  15:08  Viking  
  173  15:10  Marine x2  
  177  15:15  Liberator x2  
  177  15:17  Siege Tank  
  177  15:19  SCV  
  187  15:24  Terran Infantry Weapons Level 3  
  187  15:26  Marine  
  188  15:30  Missile Turret  
  188  15:31  Missile Turret  
  188  15:34  Marine, Medivac  
  188  15:36  Siege Tank  
  188  15:37  Marine  
  188  15:39  SCV x2  
  188  15:40  SCV x2, Marine x2  
  188  15:41  Marine  
  197  15:48  Terran Vehicle Weapons Level 3  
  197  15:50  Sensor Tower  
  197  15:54  Marine  
  197  15:56  Marine  
  199  15:58  Marine  
  199  16:08  Marine  
  199  16:09  Marine  
  189  16:14  Marine  
  189  16:18  Siege Tank  
  191  16:22  Marine  
  191  16:23  Marine  
  191  16:25  SCV  
  194  16:31  Marine x2  
  192  16:38  Liberator  
  191  16:47  Marine x2  
  184  16:49  Marine  
  184  16:50  Siege Tank, Viking  
  176  17:04  Marine x2  
  176  17:05  Barracks  
  176  17:07  Marine, Barracks  
  179  17:09  Barracks  
  170  17:21  Viking  
  170  17:22  Starport, Marine x2  
  170  17:23  SCV  
  170  17:24  SCV, Marine  
  169  17:33  Factory Tech Lab  
  166  17:40  Marine x2, Viking  
  166  17:42  SCV, Marine  
  170  17:45  Orbital Command  
  133  17:58  Marine x2  
  119  18:00  Marine  
  119  18:03  Barracks Reactor x3  
  119  18:04  Siege Tank, Starport Reactor, Viking  
  116  18:07  Factory  
  116  18:14  SCV x2  
  116  18:15  Viking  
  116  18:16  Marine x2  
  116  18:18  Marine, Refinery  
  123  18:21  Sensor Tower  
  123  18:23  SCV x2  
  125  18:27  Sensor Tower  
  125  18:28  Missile Turret  
  125  18:33  Marine x2  
  127  18:34  Viking  
  127  18:36  Marine  
  127  18:38  Missile Turret  
  127  18:40  Missile Turret  
  130  18:41  Command Center  
  130  18:43  Siege Tank, Marine, Viking x2  
  130  18:44  Marine  
  130  18:47  Terran Vehicle And Ship Armor Level 1, Marine  
  140  18:49  Missile Turret, Viking  
  140  18:50  Marine x2  
  140  18:51  Marine x2  
  140  18:52  Marine, Factory Tech Lab  
  140  18:54  Marine  
  148  19:01  Marine x2  
  150  19:05  Marine  
  150  19:08  Marine x2  
  143  19:12  Marine x3  
  143  19:14  Marine  
  143  19:15  Siege Tank, Medivac x2  
  143  19:19  Siege Tank, Marine  
  147  19:27  Medivac x2  
  147  19:30  Marine  
  152  19:36  Supply Depot  
  152  19:37  Supply Depot  
  152  19:43  SCV x3  
  155  19:49  Marine  
  153  19:57  Marine x2  
  153  19:59  Siege Tank  
  154  20:01  Marine  
  154  20:05  Marine  
  145  20:09  Marine  
  145  20:10  Siege Tank  
  145  20:11  Marine  
  145  20:13  Liberator x2  
  144  20:15  Marine  
  144  20:19  Marine  
  135  20:22  Liberator  
  135  20:23  Marine  
  135  20:26  Marine  
  136  20:28  Planetary Fortress  
  136  20:29  Marine  
  136  20:33  Siege Tank, Marine, Viking  
  138  20:37  Marine  
  138  20:41  SCV, Marine  
  139  20:44  Marine  
  139  20:47  Marine  
  139  20:49  Terran Vehicle And Ship Armor Level 2  
  138  20:54  Missile Turret  
  138  20:55  Siege Tank, Marine  
  138  20:56  Missile Turret, Sensor Tower, Barracks Reactor  
  142  21:00  Barracks  
  142  21:02  Marine  
  142  21:03  Barracks Reactor  
  143  21:06  Marine  
  143  21:07  Missile Turret  
  143  21:10  Missile Turret  
  144  21:11  Missile Turret  
  144  21:12  Marine  
  141  21:20  Marine  
  141  21:24  Marine  
  141  21:30  Marine  
  138  21:35  Marine  
  138  21:38  Siege Tank x2, Marine  
  146  21:42  Marine  
  147  21:48  Marine  
  147  21:50  Marine  
  147  21:51  Marine  
  147  21:52  Liberator x2  
  156  22:03  Marine  
  156  22:08  Marine x2  
  138  22:09  Marine x2  
  138  22:11  Marine  
  138  22:12  Marine  
  138  22:13  Siege Tank x2  
  138  22:14  Viking  
  142  22:20  Barracks Reactor  
  142  22:21  Marine  
  139  22:25  Liberator  
  139  22:26  Marine x3  
  139  22:27  Marine  
  146  22:34  Marine x2  
  145  22:39  Marine  
  145  22:40  Liberator x2  
  145  22:44  Marine x3  
  152  22:47  Liberator  
  152  22:48  Siege Tank  
  161  22:51  Marine  
  162  22:59  Marine, Sensor Tower  
  162  23:01  Marine  
  162  23:02  Marine x2  
  162  23:03  Siege Tank  
  169  23:09  Marine x2  
  170  23:15  Marine  
Tags
 
Add a new tag
Caveats
  • Supply blocks, unpowered buildings, or Contaminate may cause inaccurate times.
  • Supply counts are checked every 10 seconds.